 Dungeon Crawl Stone Soup version 0.22-a0-608-g8a62e23f9f (webtiles) character file.

60676 Hercules1031 the Blocker (level 14, -12/132 HPs)
             Began as a Deep Dwarf Fighter on July 9, 2018.
             Was the Champion of Cheibriados.
             Engulfed by a swamp dragon's poison gas (19 damage)
             ... on level 4 of the Swamp on July 11, 2018.
             The game lasted 01:11:10 (14679 turns).

Hercules1031 the Blocker (Deep Dwarf Fighter)      Turns: 14679, Time: 01:11:10

Health: -12/132    AC: 38    Str: 47    XL:     14   Next: 57%
Magic:  0/0        EV: 18    Int: 23    God:    Cheibriados [******]
Gold:   1058       SH: 18    Dex: 29    Spells: 24/24 levels left

rFire    + . .     SeeInvis +   g - +9 spear "Q" {freeze, rN+}
rCold    + . .     Gourm    +   K - +1 shield {rF+}
rNeg     + + .     Faith    .   t - +10 crystal plate armour "Ziabbuni" {rC+ SInv Stlth-}
rPois    .         Spirit   .   (no helmet)
rElec    .         Reflect  .   O - +1 cloak {+Inv}
rCorr    .         Harm     .   (no gloves)
MR       +++..     Clarity  +   J - +1 pair of boots
Stlth    ..........             j - amulet of the gourmand
HPRegen  0.00/turn              h - +5 ring of strength
MPRegen  0.07/turn              e - +5 ring of strength

@: lethally poisoned (-12 -> -39), non-regenerating, very slow
A: damage resistance, heal wounds, thin metallic scales 1, clarity, dopey 1,
magic resistance 1, negative energy resistance 1, sense surroundings 2, no
regeneration
a: Heal Wounds, Bend Time, Temporal Distortion, Slouch, Step From Time, Renounce
Religion, Evoke Invisibility


You were on level 4 of the Swamp.
You worshipped Cheibriados.
Cheibriados was exalted by your worship.
You were not hungry.

You visited 4 branches of the dungeon, and saw 18 of its levels.
You also visited: Ossuary and Volcano.

You collected 1058 gold pieces.

Inventory:

Hand Weapons
 g - the +9 spear "Q" (weapon) {freeze, rN+}
   (You found it on level 7 of the Dungeon)

   It has been specially enchanted to freeze those struck by it, causing extra
   injury to most foes and up to half again as much damage against particularly
   susceptible opponents.
   It can also slow down cold-blooded creatures.
   It protects you from negative energy.
 x - a +0 demon blade of flaming
 A - a +2 broad axe of flaming
 G - a +0 battleaxe
 I - a +0 battleaxe of flaming
 Q - a +5 broad axe of distortion
Armour
 c - a +1 shield
 t - the +10 crystal plate armour "Ziabbuni" (worn) {rC+ SInv Stlth-}
   (You acquired it on level 8 of the Dungeon)

   It protects you from cold.
   It lets you see invisible.
   It makes you less stealthy.
 w - a +1 plate armour of cold resistance
 C - a scarf of resistance
 J - a +1 pair of boots (worn)
 K - a +1 shield of fire resistance (worn)
 O - a +1 cloak of invisibility (worn)
 P - +0 swamp dragon scales
 R - a +2 plate armour of magic resistance
 S - a +0 shield of reflection
Jewellery
 e - a +5 ring of strength (right hand)
 h - a +5 ring of strength (left hand)
 j - an amulet of the gourmand (around neck)
 m - an uncursed ring of flight
 n - an uncursed ring of protection from magic
 u - an uncursed ring of poison resistance
 T - an uncursed amulet of guardian spirit {unknown}
Wands
 l - a wand of clouds (3)
 p - a wand of polymorph (26)
 v - a wand of flame (38)
 y - a wand of paralysis (9)
 z - a wand of acid (18)
 D - a wand of digging (13)
 V - a wand of iceblast (7)
Scrolls
 a - a scroll of identify
 i - 4 scrolls of teleportation
 k - 3 scrolls of amnesia
 q - 3 scrolls of fog
 s - 7 scrolls of remove curse
 E - 2 scrolls of magic mapping
Potions
 b - 2 potions of agility
 d - a potion of might
 o - 2 potions of mutation
 r - 3 potions of flight
 B - a potion of lignification
 F - a potion of brilliance
Miscellaneous
 L - a lamp of fire
 N - a lamp of fire
Comestibles
 f - 23 rations


   Skills:
 + Level 10.1 Fighting
 - Level 6.5(10.8) Axes
 * Level 11.3(11.8) Polearms
 + Level 12.0 Armour
 + Level 11.4 Dodging
 + Level 12.2 Shields
 * Level 5.7 Spellcasting


You had 24 spell levels left.
You didn't know any spells.
Your spell library contained the following spells:

 Spells                   Type           Power        Failure   Level  Hunger
 Fireball                 Conj/Fire      #.........   100%        5    #####..
 Conjure Flame            Conj/Fire      #.......     95%         3    #......
 Lightning Bolt           Conj/Air       #.........   100%        5    #####..
 Throw Flame              Conj/Fire      #.....       80%         2    None
 Throw Frost              Conj/Ice       #.....       80%         2    None
 Animate Dead             Necr           N/A          100%        4    ###....
 Pain                     Necr           #...         67%         1    None
 Animate Skeleton         Necr           N/A          67%         1    None
 Vampiric Draining        Necr           #.........   95%         3    #......
 Freeze                   Ice            #...         67%         1    None
 Sticky Flame             Conj/Fire      #.......     100%        4    ###....
 Summon Ice Beast         Ice/Summ       #.......     100%        4    ###....
 Ozocubu's Armour         Chrm/Ice       #.......     95%         3    #......
 Regeneration             Chrm/Necr      #.........   95%         3    #......
 Shock                    Conj/Air       #...         67%         1    None
 Swiftness                Chrm/Air       #.......     80%         2    None
 Spider Form              Tmut/Pois      #.........   95%         3    #......
 Blade Hands              Tmut           #.........   100%        5    #####..
 Ice Form                 Ice/Tmut       #.......     100%        4    ###....
 Throw Icicle             Conj/Ice       #.......     100%        4    ###....
 Airstrike                Air            #.........   100%        4    ###....
 Flame Tongue             Conj/Fire      #....        67%         1    None
 Sticks to Snakes         Tmut           #.......     80%         2    None
 Static Discharge         Conj/Air       #.......     95%         3    #......
 Inner Flame              Hex/Fire       #.......     95%         3    #......
 Beastly Appendage        Tmut           #.....       67%         1    None


Dungeon Overview and Level Annotations

Branches:
Dungeon (11/15)            Temple (1/1) D:5            Lair (2/6) D:11
  Swamp (4/4) Lair:2
  Snake: Lair:2-4    Spider: Lair:2-4       Orc: D:9-12

Altars:
Ashenzari
Cheibriados
Dithmenos
Elyvilon
Fedhas
Gozag
Hepliaklqana
Kikubaaqudgha
Makhleb
Nemelex Xobeh
Okawaru
Qazlal
Ru
Sif Muna
Trog
Uskayaw
Vehumet
Wu Jian
Xom
Yredelemnul
Zin
The Shining One

Annotations:
Swamp:4 Lernaean hydra


Innate Abilities, Weirdness & Mutations

You are resistant to damage.
You can heal yourself by infusing magical energy.
You resist negative energy. (rN+)
You passively map the area around you.
You do not regenerate.
You are partially covered in thin metallic scales. (AC +2)
You possess an exceptional clarity of mind.
You are dopey. (Int -2)
You are resistant to hostile enchantments. (MR+)


Message History

A swamp dragon is nearby!
The swamp dragon roars deafeningly!
The swamp dragon breathes poison at you.
The blast of poison misses you.
You are engulfed in poison gas.
You are poisoned.
* * * LOW HITPOINT WARNING * * *
The swamp dragon breathes poison at you.
The blast of poison misses you.
You are engulfed in poison gas.
You are more poisoned.
* * * LOW HITPOINT WARNING * * *
x2 You feel very sick.
You block the swamp dragon's attack. x5
The swamp dragon tramples you but does no damage.
You enter the shallow water.
Moving in this stuff is going to be slow.
You are engulfed in poison gas.
You are lethally poisoned!
You die...

♣♣♣.≈≈≈≈♣ ♣≈≈≈≈≈≈≈≈≈.♣♣♣♣≈.≈≈≈≈≈≈
≈≈.≈≈≈♣♣♣ ♣.≈≈≈≈≈≈≈≈≈.≈≈<..≈≈≈≈≈≈
...≈≈.♣ ♣♣♣≈♣♣.≈≈≈≈§♣.≈≈≈≈≈≈≈≈≈
≈≈♣♣≈♣♣ ♣♣♣♣♣♣.≈≈§.♣♣♣...≈≈≈≈≈≈
≈≈♣♣♣♣ ♣♣≈.≈♣♣♣.≈≈≈♣♣♣♣♣♣♣♣.≈≈≈
..♣ ♣..<≈.♣♣.§≈≈≈♣♣ ♣.≈≈≈ ♣♣♣
♣♣♣≈.≈≈..≈.§≈≈≈.♣ ♣♣♣♣†≈.
♣♣♣♣♣♣♣♣.≈.....§D..≈≈≈.♣♣♣♣≈....♣
≈...♣♣..§≈....≈≈@§♣♣♣♣♣♣.≈≈......
.≈≈.≈§.≈≈≈≈≈≈≈≈≈§§♣♣♣♣≈..≈(≈♣≈..≈
≈≈≈.≈≈..≈≈≈≈≈≈.§§§§...≈.....♣.≈≈≈
♣..≈≈≈.≈≈≈≈≈≈≈§.≈§≈≈≈≈≈≈≈.≈≈<.≈≈≈
♣♣≈...≈≈≈≈≈≈≈≈≈≈.§≈≈≈≈≈≈≈≈.≈≈≈≈≈.
♣.≈≈.≈≈≈≈≈≈≈≈≈≈.§≈≈≈≈≈≈≈≈.≈≈≈≈≈≈
♣.≈.....≈.≈≈≈≈≈≈≈≈≈..≈≈≈≈.≈≈≈≈≈.
♣♣♣♣.♣♣♣.≈≈≈.♣♣≈≈≈≈.<.≈≈≈≈≈≈≈≈≈≈
♣♣.♣♣♣..§...♣♣.≈≈≈≈.≈≈≈≈.≈≈≈≈.♣


You could see a swamp dragon.

Vanquished Creatures
  Bai Suzhen (Swamp:3)
  A thorn hunter (Swamp:3)
  Donald (Swamp:1)
  A stone giant (Volcano)
  7 hydras
  3 ghost crabs (Swamp:4)
  4 two-headed ogres
  3 death yaks (D:11)
  10 alligators
  2 spriggan druids
  9 swamp dragons
  2 shambling mangroves (Swamp:2)
  3 oklob plants (Lair:2)
  A cyclops (D:11)
  2 molten gargoyles (Volcano)
  2 gargoyles
  12 spiny frogs
  An efreet (Volcano)
  2 komodo dragons
  10 tyrant leeches
  9 hornets
  Prince Ribbit (D:7)
  14 slime creatures
  4 bog bodies
  2 hippogriffs
  A spriggan (Swamp:4)
  16 yaks
  3 shadows
  A fire bat (Volcano)
  2 fire elementals (Volcano)
  Menkaure (D:7)
  12 vampire mosquitoes
  4 insubstantial wisps
  16 swamp worms
  5 water moccasins
  2 ice beasts
  4 porcupines
  Duvessa (D:7)
  9 swamp drakes
  5 orc warriors
  3 wolves (Lair:2)
  8 centaurs
  5 ogres
  A phantom (D:9)
  6 crocodiles
  Blork the orc (D:4)
  A big kobold (D:10)
  An earth elemental (Volcano)
  10 bullfrogs
  A wyvern zombie (D:8)
  Dowan (D:7)
  A scorpion (D:5)
  A water moccasin skeleton (D:8)
  13 killer bees
  3 howler monkeys
  6 crimson imps
  A jelly (D:8)
  A quasit (D:5)
  3 lava snakes (Volcano)
  2 centaur zombies
  2 orc priests
  4 hounds
  3 centaur skeletons
  10 orc wizards
  5 worker ants
  2 hound zombies
  4 hound skeletons
  12 mummies (Ossuary)
  A howler monkey zombie (D:6)
  4 gnolls (D:8)
  14 adders
  A river rat (D:11)
  2 shadow imps
  2 oozes
  2 adder zombies
  An adder skeleton (D:10)
  3 worms
  7 leopard geckos
  32 orcs
  A ball python (D:2)
  6 bats
  5 giant cockroaches
  6 goblins
  9 hobgoblins
  16 jackals
  2 quokkas
  5 frilled lizards
  A gnoll skeleton (Ossuary)
  A goblin skeleton (Ossuary)
  11 kobolds
  A kobold skeleton (Ossuary)
  A leopard gecko skeleton (D:4)
  5 orc skeletons (Ossuary)
  A quokka skeleton (D:7)
  A quokka zombie (D:7)
  7 rats
  11 rat skeletons (Ossuary)
  A plant (Lair:2)
460 creatures vanquished.

Vanquished Creatures (others)
  Louise (Swamp:1)
  3 spriggans
  2 spiny frogs (Swamp:3)
  A hornet (Swamp:3)
  A fungus (Lair:2)
  3 plants
11 creatures vanquished.

Grand Total: 471 creatures vanquished

Notes
Turn   | Place    | Note
-------+----------+-------------------------------------------
     0 | D:1      | Hercules1031 the Deep Dwarf Fighter began the quest for the Orb.
     0 | D:1      | Reached XP level 1. HP: 20/20 MP: 1/1
   118 | D:1      | Reached XP level 2. HP: 24/27 MP: 2/2
   779 | D:2      | Reached XP level 3. HP: 27/33 MP: 3/3
   823 | D:2      | Reached skill level 1 in Dodging
  1143 | D:2      | Reached XP level 4. HP: 25/40 MP: 5/5
  1709 | D:3      | Found a white marble altar of Elyvilon.
  1989 | D:3      | Reached skill level 1 in Spellcasting
  1989 | D:3      | Reached XP level 5. HP: 48/49 MP: 6/6
  2574 | D:4      | Reached XP level 6. HP: 54/56 MP: 7/7
  2675 | D:4      | Noticed Blork the orc
  2688 | D:4      | Killed Blork the orc
  2744 | D:4      | Reached skill level 5 in Shields
  2861 | D:4      | Reached XP level 7. HP: 30/63 MP: 8/8
  2866 | D:4      | Noticed a moth of wrath
  2869 | D:4      | Found a bloodstained altar of Trog.
  3161 | D:4      | Found a radiant altar of Vehumet.
  3168 | D:4      | Found a hazy altar of Hepliaklqana.
  3169 | D:4      | Found a snail-covered altar of Cheibriados.
  3176 | D:4      | Found a shadowy altar of Dithmenos.
  3186 | D:4      | Became a worshipper of Cheibriados the Contemplative
  3251 | D:5      | Entered Level 5 of the Dungeon
  3270 | D:5      | Reached skill level 5 in Armour
  3355 | D:5      | Found a sand-covered staircase.
  3361 | Ossuary  | Entered an ossuary
  3445 | Ossuary  | Reached * piety under Cheibriados
  3688 | D:5      | Found a staircase to the Ecumenical Temple.
  3711 | Temple   | Entered the Ecumenical Temple
  3955 | D:5      | Reached XP level 8. HP: 54/73 MP: 9/9
  4022 | D:5      | Gained mutation: You are resistant to hostile enchantments. (MR+) [potion of mutation]
  4022 | D:5      | Gained mutation: You possess an exceptional clarity of mind. [potion of mutation]
  4022 | D:5      | Gained mutation: You are dopey. (Int -2) [potion of mutation]
  4022 | D:5      | Gained mutation: You are partially covered in thin metallic scales. (AC +2) [potion of mutation]
  4028 | D:5      | Found a sacrificial altar of Ru.
  4089 | D:5      | Reached skill level 5 in Axes
  4930 | D:6      | Reached ** piety under Cheibriados
  5266 | D:7      | Found an opulent altar of Gozag.
  5314 | D:7      | Reached skill level 5 in Fighting
  5330 | D:7      | Noticed Duvessa
  5330 | D:7      | Noticed Dowan
  5339 | D:7      | Killed Duvessa
  5339 | D:7      | Reached skill level 5 in Dodging
  5341 | D:7      | Killed Dowan
  5443 | D:7      | Got a translucent spear
  5444 | D:7      | Identified the +9 spear "Q" {freeze, rN+} (You found it on level 7 of the Dungeon)
  5520 | D:7      | Noticed Prince Ribbit
  5528 | D:7      | Killed Prince Ribbit
  5528 | D:7      | Reached skill level 1 in Polearms
  5528 | D:7      | Gained mutation: You passively map the area around you. [Deep Dwarf growth]
  5528 | D:7      | Reached XP level 9. HP: 52/81 MP: 9/9
  5732 | D:7      | Noticed Menkaure
  5743 | D:7      | Killed Menkaure
  5924 | D:8      | Identified a scroll of acquirement
  5925 | D:8      | Got a scorched crystal plate armour
  5936 | D:8      | Identified the +10 crystal plate armour "Ziabbuni" {rC+ SInv Stlth-} (You acquired it on level 8 of the Dungeon)
  5939 | D:8      | Found a stormy altar of Qazlal.
  5980 | D:8      | Noticed a two-headed ogre
  5987 | D:8      | Killed a two-headed ogre
  6067 | D:8      | Reached *** piety under Cheibriados
  6169 | D:8      | Found a glowing golden altar of the Shining One.
  6633 | D:9      | Reached XP level 10. HP: 79/91 MP: 10/10
  6713 | D:9      | Reached **** piety under Cheibriados
  6851 | D:9      | Found a shimmering altar of Xom.
  7162 | D:10     | Entered Level 10 of the Dungeon
  7178 | D:10     | Reached skill level 5 in Polearms
  7331 | D:10     | Noticed a two-headed ogre
  7339 | D:10     | Killed a two-headed ogre
  7521 | D:10     | Noticed a two-headed ogre
  7530 | D:10     | Killed a two-headed ogre
  7624 | D:10     | Reached XP level 11. HP: 84/99 MP: 11/11
  8147 | D:11     | Noticed a two-headed ogre
  8158 | D:11     | Killed a two-headed ogre
  8158 | D:11     | Reached ***** piety under Cheibriados
  8288 | D:11     | Noticed a death yak
  8291 | D:11     | Noticed a death yak
  8302 | D:11     | Noticed a death yak
  8303 | D:11     | Killed a death yak
  8322 | D:11     | Killed a death yak
  8338 | D:11     | Killed a death yak
  8385 | D:11     | Found a staircase to the Lair.
  8743 | Lair:1   | Entered Level 1 of the Lair of Beasts
  8984 | Lair:1   | Found a dark tunnel.
  9047 | Volcano  | Entered a volcano
  9394 | Volcano  | Found a radiant altar of Vehumet.
  9400 | Volcano  | Reached XP level 12. HP: 93/110 MP: 10/10
  9408 | Volcano  | Noticed a stone giant
  9428 | Volcano  | Killed a stone giant
  9428 | Volcano  | Reached skill level 10 in Shields
  9653 | Lair:1   | Found a glowing silver altar of Zin.
 10208 | Lair:2   | Noticed a six-headed hydra
 10220 | Lair:2   | Killed a six-headed hydra
 10303 | Lair:2   | Reached ****** piety under Cheibriados
 10303 | Lair:2   | Reached skill level 10 in Armour
 10329 | Lair:2   | Found a staircase to the Swamp.
 10765 | Lair:2   | HP: 1/112 [acid (7)]
 11103 | Lair:2   | Got a dazzling mace
 11262 | Lair:2   | Identified the +6 mace "Riub Tog" {speed, rC++ Dex-3} (You found it on level 2 of the Lair of Beasts)
 11328 | Swamp:1  | Entered Level 1 of the Swamp
 11378 | Swamp:1  | Noticed an eight-headed hydra
 11378 | Swamp:1  | Noticed Donald
 11378 | Swamp:1  | Noticed an alligator
 11392 | Swamp:1  | Killed an eight-headed hydra
 11491 | Swamp:1  | Noticed an eight-headed hydra
 11499 | Swamp:1  | Killed an eight-headed hydra
 11557 | Swamp:1  | Noticed an alligator
 11600 | Swamp:1  | Killed an alligator
 11640 | Swamp:1  | Noticed an alligator
 11653 | Swamp:1  | Killed an alligator
 11653 | Swamp:1  | Reached skill level 10 in Dodging
 11653 | Swamp:1  | Reached XP level 13. HP: 102/120 MP: 4/4
 11682 | Swamp:1  | Reached skill level 10 in Polearms
 11910 | Swamp:1  | Noticed Louise
 11917 | Swamp:1  | Killed Louise
 12176 | Swamp:1  | Killed Donald
 13082 | Swamp:3  | Noticed a thorn hunter
 13099 | Swamp:3  | Killed a thorn hunter
 13104 | Swamp:3  | Noticed Bai Suzhen
 13148 | Swamp:3  | Killed Bai Suzhen
 13169 | Swamp:3  | Gained mutation: You resist negative energy. (rN+) [Deep Dwarf growth]
 13169 | Swamp:3  | Reached XP level 14. HP: 55/130 MP: 6/6
 13866 | Swamp:4  | Entered Level 4 of the Swamp
 13968 | Swamp:4  | Reached skill level 5 in Spellcasting
 14055 | Swamp:4  | Reached skill level 10 in Fighting
 14587 | Swamp:4  | Noticed the 27-headed Lernaean hydra
 14615 | Swamp:4  | HP: 4/132 [poisoned by a swamp dragon (poison gas)]
 14679 | Swamp:4  | Engulfed by a swamp dragon's poison gas

Vault maps used:
D:1:      minmay_arrival_shattered_statue
D:2:      serial_bayou, serial_bayou_pond_e, serial_bayou_lake_a,
          serial_bayou_shore_b, serial_bayou_pond_e, lightli_corner_chamber
D:3:      elyvilon_altar_5, hangedman_decor_growths, kennysheep_doodads,
          minmay_misc_feat_nine_boxes
D:4:      minitemple, tgw_trog, uniq_blork_the_orc
D:5:      hangedman_ru_absence, minmay_temple_entry_glass, first_ration,
          nicolae_ossuary_entry_ruins
D:6:      grunt_ministairs_7, minivault_5
D:7:      marbit_many_paths, uniq_prince_ribbit1, uniq_duvessa, uniq_menkaure
D:8:      lemuel_doored_altar, nicolae_qazlal_general_emergency,
          minmay_misc_feat_iff
D:9:      overflow_temple_1_default
D:11:     dpeg_lair_monsters
Temple:   minmay_temple_curvy_loop
Lair:1:   basic_altar, nicolae_volcano_entry_two_sided, lemuel_fruit_tree,
          serial_bayou_shore_a
Lair:2:   minmay_swamp_entry_swarm, minmay_holes, minmay_lair_oklob_chamber
Swamp:1:  evilmike_swamp_ruin_house_1, infiniplex_staircase_pool, uniq_donald,
          uniq_louise
Swamp:2:  evilmike_swamp_ruin_house_3, nicolae_swamp_dense_foliage
Swamp:3:  hangedman_swamp_blocks, uniq_bai_suzhen
Swamp:4:  swamp_old_school, nicolae_swamp_little_tower,
          infiniplex_staircase_pool_2
Ossuary:  ossuary_due_small_catacomb
Volcano:  volcano_lake

Skill      XL: |  1  2  3  4  5  6  7  8  9 10 11 12 13 14 |
---------------+-------------------------------------------+-----
Dodging        | 1 2 3 4 5 6 7 8 10 11 | 11.4
Shields        | 4 5 6 7 8 9 10 11 12 | 12.2
Fighting       | 3 4 5 6 7 8 9 10 | 10.1
Axes           | 3 4 6 |  6.5
Spellcasting   | 1 2 4 5 |  5.7
Armour         | 4 5 6 7 8 9 10 11 12 | 12.0
Polearms       | 1 4 6 8 9 10 11 | 11.3

Action                   |  1- 3 |  4- 6 |  7- 9 | 10-12 | 13-15 || total
-------------------------+-------+-------+-------+-------+-------++-------
Melee: War axe           |   110 |   191 |   156 |       |       ||   457
       Broad axe         |       |       |   141 |       |       ||   141
       Spear             |       |       |   123 |   745 |   725 ||  1593
 Abil: Heal Wounds       |       |     1 |     8 |    49 |    31 ||    89
  Use: Scroll            |     4 |     3 |    17 |     8 |     5 ||    37
       Potion            |       |     6 |     7 |     5 |     9 ||    27
 Stab: Confused          |       |       |       |       |     1 ||     1
  Eat: Ration            |     1 |     2 |     3 |     2 |     3 ||    11
Armor: Scale mail        |    55 |    81 |    36 |       |       ||   172
       Skin              |       |     1 |       |       |       ||     1
       Plate armour      |       |       |   100 |       |       ||   100
       Crystal plate arm |       |       |    35 |   323 |   475 ||   833
Dodge: Dodged            |    46 |    67 |   112 |   339 |   479 ||  1043
Block: Shield            |    69 |   114 |   271 |   647 |   642 ||  1743

Table legend:
 A = Spawn XP
 B = Non-spawn XP
 C = Spawn XP percentage of total XP
 D = Spawn monster count
 E = Non-spawn monster count
 F = Spawn count percentage of total count
 G = Total turns spent on level
                    A         B        C        D         E        F      G
               +---------+---------+-------+---------+---------+-------+---------
         Total |       0 |   86681 |   0.0 |       0 |     460 |   0.0 | 14679
               +---------+---------+-------+---------+---------+-------+---------
           D:1 |       0 |      28 |   0.0 |       0 |      13 |   0.0 |   701
           D:2 |       0 |      79 |   0.0 |       0 |      27 |   0.0 |  1008
           D:3 |       0 |     127 |   0.0 |       0 |      25 |   0.0 |   773
           D:4 |       0 |     738 |   0.0 |       0 |      32 |   0.0 |   769
           D:5 |       0 |     423 |   0.0 |       0 |      18 |   0.0 |   528
           D:6 |       0 |     420 |   0.0 |       0 |      12 |   0.0 |   843
           D:7 |       0 |    1123 |   0.0 |       0 |      20 |   0.0 |   733
           D:8 |       0 |    1896 |   0.0 |       0 |      24 |   0.0 |   678
           D:9 |       0 |    1316 |   0.0 |       0 |      12 |   0.0 |   587
          D:10 |       0 |    4709 |   0.0 |       0 |      32 |   0.0 |   981
          D:11 |       0 |    7916 |   0.0 |       0 |      46 |   0.0 |   600
        Lair:1 |       0 |    2696 |   0.0 |       0 |      14 |   0.0 |   794
        Lair:2 |       0 |    5189 |   0.0 |       0 |      18 |   0.0 |  1189
       Swamp:1 |       0 |   13207 |   0.0 |       0 |      32 |   0.0 |   915
       Swamp:2 |       0 |    9911 |   0.0 |       0 |      25 |   0.0 |   839
       Swamp:3 |       0 |   18273 |   0.0 |       0 |      28 |   0.0 |   784
       Swamp:4 |       0 |   14474 |   0.0 |       0 |      39 |   0.0 |   813
       Ossuary |       0 |     232 |   0.0 |       0 |      31 |   0.0 |   320
       Volcano |       0 |    3924 |   0.0 |       0 |      12 |   0.0 |   602
               +---------+---------+-------+---------+---------+-------+---------
